Quirre, neutral male human Priest --------- ------- |.......| |aa$a@-#####.^....... -$rdq%| |....>..| $$ahddl$| -.------- |avNrrl$$| # |YBrer$eu| ### |BBW$oG@l| # ---------- ### # # ##### #------ #|..<.| #|..... #|....| #...... ------ Quirre the Priest Experience level: 10 Strength: 18/07 Dexterity: 13 Constitution: 18 Intelligence: 19 Wisdom: 10 Charisma: 16 Health: 0(67) Energy: 99(99) Def: 20 Gold: 3756 Moves: 15284 Dungeon seed: HIri8pYl2nkuaAj2 Game ID: Quirre_1544188601 Your Inventory: Coins $ - 3756 gold pieces Amulets C - a blessed amulet of unchanging (being worn) Weapons a - a blessed +2 mace (weapon in hand) k - 5 blessed +11 daggers named Dagger of Truth (in quiver) D - an uncursed +0 arrow Armor n - an uncursed +0 small shield (being worn) q - an uncursed +0 dwarvish mithril-coat (being worn) s - a blessed greased +3 cloak of magic resistance (being worn) O - a blessed greased rusty +1 dwarvish iron helm (being worn) X - a blessed +3 pair of iron shoes (being worn) Y - an uncursed +1 pair of leather gloves (being worn) Comestibles r - an uncursed strawberry A - an uncursed lizard corpse Scrolls x - an uncursed scroll of magic mapping Rings B - an uncursed ring of searching (on right hand) H - an uncursed ring of protection from shape changers (on left hand) Wands i - an uncursed wand of speed monster (0:4) l - an uncursed wand of cancellation (0:1) m - an uncursed wand of speed monster (0:6) o - an uncursed wand of light (0:13) p - an uncursed wand of striking (0:7) u - an uncursed wand of digging (0:4) w - a cursed wand of striking (0:6) E - an uncursed wand of probing (0:4) P - an uncursed wand of light (0:12) S - a cursed wand of light (0:12) T - a cursed wand of sleep (0:3) Tools j - the uncursed rustproof +0 Quickpick t - an uncursed +0 unicorn horn v - a blessed bag of holding F - an uncursed lock pick G - an uncursed towel I - an uncursed tooled horn Gems e - an uncursed amethyst g - a blessed luckstone Contents of the bag of holding: 4522 gold pieces an uncursed amulet of flying a cursed amulet of life saving 11 uncursed poisoned +0 darts an uncursed +0 mummy wrapping an uncursed +0 robe an uncursed clove of garlic 2 uncursed eucalyptus leaves 3 uncursed food rations 2 uncursed sprigs of wolfsbane 6 uncursed strawberries 2 uncursed tripe rations a cursed scroll of confuse monster 2 uncursed scrolls of earth an uncursed scroll of enchant weapon a cursed scroll of enchant weapon a blessed scroll of identify a cursed scroll of light 2 uncursed scrolls of scare monster an uncursed spellbook of slow monster an uncursed spellbook of stone to flesh a blessed potion of booze 2 uncursed potions of booze 2 uncursed potions of extra healing a cursed potion of full healing 4 cursed potions of healing 6 potions of holy water 3 uncursed potions of object detection a cursed potion of object detection an uncursed potion of oil an uncursed potion of paralysis an uncursed potion of restore ability an uncursed potion of sleeping an uncursed potion of speed a cursed potion of speed a potion of unholy water 9 uncursed potions of water a cursed ring of aggravate monster an uncursed ring of conflict a cursed ring of conflict a cursed ring of hunger a cursed ring of levitation an uncursed ring of poison resistance a cursed -1 ring of protection an uncursed ring of teleport control a cursed ring of teleportation an uncursed ring of warning an uncursed ring of warning an uncursed blindfold an uncursed brass lantern [0:1217] an uncursed can of grease (0:17) an uncursed can of grease (0:14) an uncursed leash an uncursed mirror an uncursed oil lamp (0:68) 3 uncursed tallow candles [0:200] an uncursed tin whistle 2 uncursed wax candles [0:400] an uncursed agate an uncursed amber 6 uncursed amethysts an uncursed chrysoberyl 3 uncursed diamonds 5 uncursed emeralds an uncursed fluorite an uncursed jade 2 uncursed jaspers an uncursed jet 3 uncursed rubies an uncursed sapphire an uncursed touchstone Spells and supernatural/magical abilities: Name Level Category Fail Memory d - dig 2 matter 100% 29% j - jumping 1 escape 100% 74% k - knock 1 matter 100% 46% l - light 1 divination 100% 24% n - detect monsters 1 divination 100% 24% p - protection 1 clerical 100% 24% s - slow monster 1 enchantment 100% 93% w - wizard lock 2 matter 100% 46% x - extra healing 3 healing 100% 37% K - cure sickness 3 healing 100% 91% S - stone to flesh 3 healing 100% 93% W - pray for help -- divine ? -- X - turn undead -- divine ? -- Your skills at the end: Miscellaneous Skills shield [Skilled] wands [Basic] stealth [Basic] Weapon Skills mace [Expert] Spellcasting Skills clerical spells [Basic] Final Attributes: You were piously aligned. You were cold resistant. You were sleep resistant. You were poison resistant. You were magic-protected. You saw invisible. You were telepathic. You had automatic searching. You were invisible to others. You were somewhat stealthy. You were protected from shape changers. You could not change from your current form. You were fast. You were very lucky. You had extra luck. Good luck did not time out for you. You are dead. Vanquished creatures: 2 giant mimics a large mimic a warg 2 small mimics an ettin mummy a troll a shocking sphere 2 large cats a tiger 2 gargoyles a dwarf king 2 tengu an ochre jelly a chameleon 2 human mummies 2 ettin zombies a leather golem a succubus a giant beetle 3 wolves 2 winter wolf cubs 3 lynxes 2 leprechauns a spotted jelly 2 lizards 4 mountain nymphs a mumak 2 giant spiders 2 iron piercers 2 ice vortices 2 vampire bats 3 gnome kings an orc mummy a dwarf mummy a dingo a housecat 3 jaguars 2 dwarf lords a blue jelly 2 water nymphs 2 white unicorns a gray unicorn a black unicorn a plains centaur 2 gnome mummies 3 snakes 2 rope golems 2 yellow lights 5 bugbears 2 wood nymphs a rock mole a rock piercer 3 fog clouds 2 violet fungi 15 gnome lords 10 gnomish wizards a red naga hatchling a golden naga hatchling a gray ooze 4 elf zombies 4 giant ants 5 floating eyes 2 kittens 22 dwarves 2 homunculi 3 quasits 2 kobold lords a kobold shaman 8 iguanas 9 hill orcs 10 rothes a centipede 2 jitterbugs a giant bat 4 orc zombies 2 wererats 8 killer bees 3 coyotes a gas spore 10 hobbits 4 acid blobs a large kobold 5 geckos 3 hobgoblins 6 giant rats 7 cave spiders 2 brown molds 4 yellow molds 3 green molds 4 red molds 70 gnomes 9 garter snakes a gnome zombie 9 jackals 4 kobolds 12 newts 4 goblins 7 sewer rats 14 grid bugs 4 bats 8 lichens 3 kobold zombies 411 creatures vanquished. Voluntary challenges: You did not cause conflict. You did not have reflection. You were not displaced. You had been an atheist until turn 14775. You used a wielded weapon 593 times, starting on turn 89. You did not use sinks. You read items or engraved 46 times, starting on turn 882. You never genocided any monsters. You never polymorphed an object. You never changed form. You cheated 2 times but completed Sokoban on turn 13172. You used no wishes. You never split a pudding. You never wrote Elbereth's name. You never violated your personal moral code. Dungeon overview: The Dungeons of Doom: levels 1 to 13 Level 1 a fountain a long staircase Level 2 a general store, a fountain stairs to The Gnomish Mines Level 3 portal to Advent Calendar Level 4 Level 5 Level 6 an altar to Athena, a sink Level 7 many fountains Level 8 some fountains stairs to Sokoban Level 9 a fountain Level 10 some fountains Level 11 a fountain portal to Fort Ludios Level 12 some altars to Hermes and Poseidon, a fountain, a sink Level 13 <- You were here The Gnomish Mines: levels 3 to 11 Level 3 stairs to The Dungeons of Doom Level 4 Level 5 many shops, some altars to Athena and Hermes, a magic chest, a fountain Level 6 Level 7 Level 8 Level 9 Level 10 Level 11 a magic chest Sokoban: levels 4 to 7 Level 4 a magic chest Level 5 Level 6 Level 7 a magic chest stairs to The Dungeons of Doom Fort Ludios: Level 1 portal to The Dungeons of Doom Advent Calendar: Level 3 many trees portal to The Dungeons of Doom History has recorded: On T:1 you entered the Dungeons of Doom to retrieve the Amulet of Yendor! On T:434 you reached level 2 of The Dungeons of Doom. On T:955 you advanced to experience level 2. On T:1126 you reached level 3 of The Dungeons of Doom. On T:1169 you advanced to experience level 3. On T:1260 you reached level 1 of Advent Calendar. On T:1866 you reached level 4 of The Dungeons of Doom. On T:2272 you reached level 5 of The Dungeons of Doom. On T:2324 you advanced to experience level 4. On T:2987 you reached level 1 of The Gnomish Mines. On T:3090 you advanced to experience level 5. On T:3507 you reached level 2 of The Gnomish Mines. On T:3611 you advanced to experience level 6. On T:3951 you reached level 3 of The Gnomish Mines. On T:4343 you opened a magic chest. On T:4485 you entered the Minetown temple On T:4712 you reached level 4 of The Gnomish Mines. On T:4994 you advanced to experience level 7. On T:5352 you reached level 5 of The Gnomish Mines. On T:5581 you reached level 6 of The Gnomish Mines. On T:6278 you reached level 7 of The Gnomish Mines. On T:6429 you advanced to experience level 8. On T:6621 you reached level 8 of The Gnomish Mines. On T:7004 you reached level 9 of The Gnomish Mines. On T:7004 you reached the bottom of the Mines. On T:9145 you reached level 6 of The Dungeons of Doom. On T:9876 you reached level 7 of The Dungeons of Doom. On T:9904 you advanced to experience level 9. On T:10484 you reached level 8 of The Dungeons of Doom. On T:10884 you reached level 4 of Sokoban. On T:11314 you reached level 3 of Sokoban. On T:11823 you reached level 2 of Sokoban. On T:12584 you reached level 1 of Sokoban. On T:13172 you entered the Sokoban zoo. On T:13641 you reached level 9 of The Dungeons of Doom. On T:13956 you reached level 10 of The Dungeons of Doom. On T:14295 you reached level 11 of The Dungeons of Doom. On T:14659 you reached Fort Ludios. On T:14697 you reached level 12 of The Dungeons of Doom. On T:14819 you received Quickpick from Hermes. On T:15213 you reached level 13 of The Dungeons of Doom. On T:15231 you advanced to experience level 10. Score breakdown: Gold: 8278 ( 827 points) Experience: 10 levels ( 900 points) Exploration: 20 levels ( 570 points) Discoveries: 104 items ( 2000 points) Variety of kills: 102 monsters ( 2000 points) Major goal: Sokoban/Mines ( 1500 points) Survival: died (score multiplied by 3) Total score: 23391 Latest messages: You hit the ettin mummy! The ettin mummy misses. (2x) The winter wolf cub breathes frost! The blast of frost whizzes by you! The blast of frost hits it. You destroy the ettin mummy! The winter wolf cub breathes frost! The blast of frost whizzes by you! The blast of frost hits Snert! Welcome to David's treasure zoo! The mumak butts! The mumak bites! The winter wolf cub misses. You hit the winter wolf cub! The mumak misses. (2x) The winter wolf cub bites! You hit the winter wolf cub! You kill the winter wolf cub! The killer bee bumps right into you! You kill the killer bee! The mumak butts! The mumak bites! You stop. Snert is in the way! The mumak butts! You die... Final status: Goodbye Quirre the Priest, killed by a mumak... You died in The Dungeons of Doom on dungeon level 13 with 23391 points, and 8278 pieces of gold, after 15284 moves. You were level 10 with a maximum of 67 hit points when you died.